 Dungeon Crawl Stone Soup version 0.31-a0-507-gbafd7f5274 (webtiles) character file.

Game seed: 12055139791710288996

297 Zonian the Ruffian (level 6, -4/42 HPs)
             Began as an Octopode Shapeshifter on Aug 9, 2023.
             Killed by divine providence
             ... invoked by an orc priest
              (12 damage)
             ... on level 4 of the Dungeon.
             The game lasted 00:04:52 (2706 turns).

Zonian the Ruffian (Octopode Shapeshifter)          Turns: 2706, Time: 00:04:53

Health: -4/42      AC:  1    Str: 17    XL:     6   Next: 35%
Magic:  6/6        EV: 14    Int: 16    God:
Gold:   643        SH:  0    Dex: 12    Spells: 5/5 levels left

rFire   . .          .
                       - Unarmed
rCold   . . .        (no shield)
rNeg    . . .        (helmet currently unavailable)
rPois   .            (no amulet)
rElec   .            d - +6 ring of intelligence
rCorr   .            (no ring)
SInv    .            (no ring)
Will    .....        (no ring)
Stlth   ++           (no ring)
HPRegen 0.27/turn    (no ring)
MPRegen 0.10/turn    (no ring)
                     (no ring)

%: no passive effects
@: beast-form
A: beast (slay +2), almost no armour, amphibious, 8 rings, camouflage 1,
gelatinous body 1, (nimble swimmer 1), tentacles
a: Begin Untransformation


You were on level 4 of the Dungeon.
You were a hulking beast.
You visited 1 branch of the dungeon, and saw 4 of its levels.

You collected 643 gold pieces.

Inventory:

Jewellery
 d - a +6 ring of intelligence (left tentacle)
Talismans
 b - a beast talisman (active)
 c - a flux talisman
Scrolls
 e - a scroll of amnesia {unknown}
 g - a scroll of teleportation {unknown}
 i - a scroll of immolation
 j - 2 scrolls of noise {unknown}
 k - a scroll of identify
 l - a scroll of enchant armour {unknown}
Potions
 a - a potion of lignification
 f - a potion of enlightenment
 m - a potion of resistance {unknown}
 n - a potion of mutation {unknown}


   Skills:
 + Level 3.1 Fighting
 + Level 3.6 Dodging
 + Level 4.2 Unarmed Combat
 + Level 3.9 Shapeshifting


You had 5 spell levels left.
You didn't know any spells.
Your spell library was empty.

Dungeon Overview and Level Annotations

Branches:
Dungeon (4/15)
 Temple: D:4-7

Altars:
Hepliaklqana
Xom

Annotations:
D:4 Edmund


Innate Abilities, Weirdness & Mutations

You are a hulking beast.
Your limbs bulge with bestial killing power. (Slay +2)
You cannot wear most types of armour.
You are amphibious.
You can wear up to eight rings at the same time.
Your skin changes colour to match your surroundings (Stealth+).
Your rubbery body absorbs attacks. (AC +1, EV +1)
((You are camouflaged when in or above water. (Stealth+)))
You have tentacles for arms and can constrict up to eight enemies at once.


Message History

The orc hits you but does no damage.
Unknown command.
You barely miss the orc.
The orc priest mumbles some strange prayers to Beogh against you.
Beogh smites you!
You cannot move.
Unknown command.
Something hits you but does no damage.
You cannot move.
You cannot move.
You barely miss something. Something hits you but does no damage.
You hit something. Something hits you but does no damage.
You barely miss something.
The orc priest calls down the wrath of Beogh upon you.
Beogh smites you!
* * * LOW HITPOINT WARNING * * *
Something hits you but does no damage.
You feel much better. Something hits you but does no damage.
You smack something!
You feel less wooden.
You turn into a hulking beast.
The orc priest invokes the aid of Beogh against you.
Beogh smites you!
* * * LOW HITPOINT WARNING * * *
Something barely misses you.
You hear a shout!
Okay, then.
You barely miss something.
You hear some strange, mumbled words.
Something tries to affect you, but you resist.
Unknown command.
You closely miss something. Your squeeze misses something. Something hits you.
* * * LOW HITPOINT WARNING * * *
Unknown command.
You tentacle-slap something.
Reactivating autopickup.
You feel a bit more experienced.
The orc priest calls down the wrath of Beogh upon you.
Beogh smites you!
You die...

#.# #.# #.##
#.# #... #.#
#.. #.# #..
#.# #.####
#.###....####
#..##oo.....#
##.h)oo......
####o.......
#.###.### #.#
.. #.# . #.#
#.. #..


You could see 2 orc priests and 3 orcs.

Vanquished Creatures
  An orc warrior (D:4)
  2 hounds (D:4)
  2 orc priests
  An orc wizard (D:4)
  2 adders
  An ufetubus (D:4)
  A worm (D:4)
  2 dart slugs
  5 orcs
  6 ball pythons
  3 bats
  6 endoplasms
  A giant cockroach (D:1)
  6 goblins
  5 hobgoblins
  2 quokkas
  3 frilled lizards
  6 kobolds
  6 rats
61 creatures vanquished.

Notes
Turn   | Place    | Note
-------+----------+-------------------------------------------
     0 | D:1      | Zonian the Octopode Shapeshifter began the quest for the
                  | Orb.
     0 | D:1      | Reached XP level 1. HP: 13/13 MP: 1/1
   197 | D:1      | Reached XP level 2. HP: 18/18 MP: 2/2
   423 | D:1      | Found a faded altar of an unknown god.
   759 | D:2      | Reached XP level 3. HP: 23/23 MP: 3/3
   779 | D:2      | Reached XP level 4. HP: 27/29 MP: 4/4
  1377 | D:3      | Identified a scroll of acquirement
  1378 | D:3      | Acquired 347 gold pieces
  1731 | D:3      | Found a shimmering altar of Xom.
  1732 | D:3      | Found a hazy altar of Hepliaklqana.
  1733 | D:3      | Noticed a spectral ugly thing
  2355 | D:4      | Noticed Edmund
  2359 | D:4      | Reached XP level 5. HP: 30/35 MP: 5/5
  2661 | D:4      | Noticed an orc warrior
  2679 | D:4      | Killed an orc warrior
  2680 | D:4      | Reached skill level 4 in Unarmed Combat
  2680 | D:4      | Reached XP level 6. HP: 25/42 MP: 6/6
  2706 | D:4      | Killed from afar by an orc priest

Illustrated notes

Levels and vault maps discovered:
D:1:      heliophobic_arrival_battle_scene, layout_basic,
          ebering_ecumenical_altar_box
D:2:      layout_basic
D:3:      layout_loops_ring, regret_index_temple_of_mockery
D:4:      minmay_recursive_quarters, layout_basic, gammafunk_ghost_cemetery,
          uniq_edmund

Skill      XL: |  1  2  3  4  5 |
---------------+----------------+-----
Fighting       | 2 3 |  3.1
Dodging        | 3 |  3.6
Unarmed Combat | 4 |  4.2
Shapeshifting  | |  3.9

Action                     |  1- 3 |  4- 6 || total
---------------------------+-------+-------++-------
  Melee: Unarmed           |    42 |    94 ||   136
         Constrict         |     8 |    18 ||    26
         Tentacles         |     7 |    11 ||    18
         Punch             |       |     1 ||     1
    Use: Scroll            |       |     5 ||     5
         Potion            |       |     2 ||     2
   Stab: Sleeping          |     5 |     3 ||     8
 Armour: Skin              |     1 |    27 ||    28
  Dodge: Dodged            |    29 |    35 ||    64

Table legend: (Time is in decaauts)
 A = Elapsed time spent in this place.
 B = Non-inter-level travel time spent in this place.
 C = Inter-level travel time spent in this place.
 D = Time resting spent in this place.
 E = Time spent auto-exploring this place.
 F = Levels seen in this place.
 G = Mean time per level.
                   A        B        C        D        E       F      G
               +--------+--------+--------+--------+--------+-----+--------+
         Total |   2695 |   2554 |    141 |    596 |   1495 |   4 |  673.8 |
       Dungeon |   2695 |   2554 |    141 |    596 |   1495 |   4 |  673.8 |
               +--------+--------+--------+--------+--------+-----+--------+

Top non-repeatable levels by time:
     D:3: 899 daAuts
     D:1: 699 daAuts
     D:2: 640 daAuts
     D:4: 455 daAuts
